 Dungeon Crawl Stone Soup version 0.30-b1-2-g02819fbbbe (webtiles) character file.

Game seed: 8124733881153547215

525 raph the Caller (level 7, -3/40 HPs)
             Began as a Deep Elf Summoner on Oct 31, 2023.
             Slain by a sleepcap (20 damage)
             ... on level 4 of the Dungeon.
             The game lasted 00:08:32 (3622 turns).

raph the Caller (Deep Elf Summoner)                 Turns: 3622, Time: 00:08:33

Health: -3/40      AC:  6    Str:  5    XL:     7   Next: 2%
Magic:  14/16      EV:  2    Int: 28    God:
Gold:   191        SH:  0    Dex: 15    Spells: 6/15 levels left

rFire   . . .        h - +0 short sword (freeze)
rCold   . . .        (no shield)
rNeg    . . .        a - +1 robe
rPois   .            j - +2 helmet
rElec   .            (no cloak)
rCorr   .            (no gloves)
SInv    .            (no boots)
Will    .....        m - amulet of reflection
Stlth   +++          g - +6 ring of intelligence
HPRegen 0.26/turn    (no ring)
MPRegen 0.15/turn

%: reflection
@: sleeping
A: no striking features
a: no special abilities


You were on level 4 of the Dungeon.
You visited 1 branch of the dungeon, and saw 4 of its levels.

You collected 191 gold pieces.

Inventory:

Hand Weapons
 h - a +0 short sword of freezing (weapon)
 l - a +0 dagger
Missiles
 o - 5 poisoned darts
 s - 4 boomerangs of dispersal
Armour
 a - a +1 robe (worn)
 j - a +2 helmet (worn)
Jewellery
 g - a +6 ring of intelligence (left hand)
 m - an amulet of reflection (around neck)
Wands
 c - a wand of flame (17)
 r - a wand of paralysis (7)
Scrolls
 e - a scroll of teleportation {unknown}
 i - a scroll of poison
 n - a scroll of fear {unknown}
 p - a scroll of identify
 q - a scroll of fog
Potions
 b - a potion of magic
 d - a potion of mutation {unknown}
 f - a potion of haste
 k - a potion of resistance


   Skills:
 + Level 2.1 Fighting
 + Level 4.1 Dodging
 + Level 4.5 Stealth
 + Level 4.8 Spellcasting
 + Level 1.8 Hexes
 * Level 6.3 Summonings


You had 6 spell levels left.
You knew the following spells:

 Your Spells              Type           Power      Damage    Failure   Level
a - Summon Small Mammal   Summ           100%       N/A       1%          1
b - Call Imp              Summ           84%        N/A       1%          2
c - Call Canine Familiar  Summ           42%        N/A       1%          3
d - Summon Guardian Gole  Hex/Summ       29%        N/A       3%          3

Your spell library contained the following spells:

 Spells                   Type           Power      Damage    Failure   Level
 Summon Lightning Spire   Summ/Air       24%        N/A       19%         4


Dungeon Overview and Level Annotations

Branches:
Dungeon (4/15)
 Temple: D:4-7

Altars:


Message History

Confirm with . or Enter, or press ? or * to list all spells.
Your cerulean imp hits the iguana with a +0 spear.
The iguana misses your cerulean imp.
The sleepcap releases spores at you but does no damage.
You hit the sleepcap. You freeze the sleepcap.
The sleepcap is severely damaged.
Your bat hits the sleepcap but does no damage.
Your bat hits the sleepcap.
Your cerulean imp hits the iguana with a +0 spear.
Your bat hits the sleepcap but does no damage.
The sleepcap barely misses your bat. The iguana bites your wolf!
You hit the sleepcap but do no damage.
The sleepcap is severely damaged.
Your bat hits the sleepcap but does no damage.
Your wolf closely misses the iguana.
Your bat hits the sleepcap but does no damage.
Your cerulean imp barely misses the iguana.
Your wolf completely misses the iguana.
The sleepcap barely misses your bat.
Your bat hits the sleepcap but does no damage.
The iguana barely misses your wolf.
You hit the sleepcap. You freeze the sleepcap.
The sleepcap is severely damaged.
Your bat hits the sleepcap but does no damage. x2
Your wolf bites the iguana!
Your cerulean imp hits the iguana but does no damage.
The sleepcap barely misses your bat. The iguana bites your wolf!
You hit the sleepcap. You freeze the sleepcap.
The sleepcap is almost destroyed.
Your wolf bites the iguana.
The iguana dies!
Your bat hits the sleepcap but does no damage. x2
The sleepcap releases spores at you.
You are engulfed in a cloud of soporific spores!
You fall asleep.
You have reached level 7!
Your cerulean imp hits the sleepcap but does no damage.
Your bat hits the sleepcap but does no damage.
The sleepcap releases spores at you!!
Ouch! That really hurt!
You die...

###### ##!...###
#.#...S.# # ####
#.#.### ###..##
#.....##
......#####.#.#..#
..[.....##†.#..#5#
..#.........##$h@#
.###..##...).####f..#
####.####..#....#b#..#
# #..# ##.##.#.#.. .#
##.# ##.....##.. ..
#.## ####.. ##. ##
##.### .... .. ##†.##
... .# ##..# ..


You could see a sleepcap (ally target), a friendly wolf (summoned), a friendly
cerulean imp (summoned) and a friendly bat (summoned).

Vanquished Creatures
  2 adders
  An ufetubus (D:4)
  3 orcs
  A ball python (D:2)
  3 endoplasms
  A giant cockroach (D:3)
  A goblin (D:2)
  A quokka (D:3)
  A frilled lizard (D:2)
  3 rats (D:3)
17 creatures vanquished.

Vanquished Creatures (collateral kills)
  2 killer bees (D:4)
  A hound (D:4)
  2 orc priests (D:3)
  An iguana (D:4)
  3 adders
  A worm (D:4)
  2 dart slugs (D:2)
  8 orcs
  4 endoplasms
  A giant cockroach (D:2)
  3 goblins
  5 hobgoblins
  5 jackals
  3 kobolds
  4 quokkas
  8 ball pythons
  3 bats
  2 frilled lizards
  A rat (D:1)
59 creatures vanquished.

Vanquished Creatures (others)
  A black bear (D:4)
  2 killer bees (D:4)
  An endoplasm (D:4)
  8 demonic plants (D:3)
  3 fungi (D:3)
  2 plants (D:3)
  6 withered plants (D:3)
23 creatures vanquished.

Grand Total: 99 creatures vanquished

Notes
Turn   | Place    | Note
-------+----------+-------------------------------------------
     0 | D:1      | raph the Deep Elf Summoner began the quest for the Orb.
     0 | D:1      | Reached XP level 1. HP: 10/10 MP: 6/6
   333 | D:1      | Reached XP level 2. HP: 15/15 MP: 6/8
   386 | D:1      | Learned a level 2 spell: Call Imp
   407 | D:1      | You fall into a shaft and drop 1 floor!
  1091 | D:2      | Reached XP level 3. HP: 20/20 MP: 7/9
  1095 | D:2      | Learned a level 3 spell: Call Canine Familiar
  1970 | D:3      | Reached skill level 5 in Summonings
  1975 | D:3      | Learned a level 3 spell: Summon Guardian Golem
  1986 | D:3      | Found a faded altar of an unknown god.
  2087 | D:3      | Reached skill level 1 in Fighting
  2117 | D:3      | Reached XP level 4. HP: 25/25 MP: 11/11
  2499 | D:3      | Reached XP level 5. HP: 9/29 MP: 3/13
  2864 | D:4      | Noticed a black bear
  2902 | D:4      | Killed a black bear
  3244 | D:4      | Reached XP level 6. HP: 34/35 MP: 8/14
  3331 | D:4      | Reached skill level 1 in Hexes
  3331 | D:4      | Reached skill level 6 in Summonings
  3562 | D:4      | Paralysed by a goblin for 4 turns
  3622 | D:4      | Reached XP level 7. HP: 17/40 MP: 14/16
  3622 | D:4      | Slain by a sleepcap

Illustrated notes

Levels and vault maps discovered:
D:1:      roderic_octagonal_star, layout_loops_ring, moated_statue
D:2:      minmay_evil_eye, layout_basic, st_stairs_13
D:3:      layout_basic, shapermc_ecumenical_altar_gd
D:4:      kennysheep_goblin_castle, layout_layer_cave, minmay_bent

Skill      XL: |  1  2  3  4  5  6 |
---------------+-------------------+-----
Stealth        | 3 4 |  4.5
Summonings     | 5 6 |  6.3
Fighting       | 1 2 |  2.1
Dodging        | 3 4 |  4.1
Spellcasting   | 4 |  4.8
Hexes          | 1 |  1.8

Action                     |  1- 3 |  4- 6 |  7- 9 || total
---------------------------+-------+-------+-------++-------
  Melee: Unarmed           |     8 |       |       ||     8
         Short sword       |    30 |    29 |       ||    59
   Cast: Summon Small Mamm |    38 |    18 |       ||    56
         Call Imp          |     9 |     7 |       ||    16
         Call Canine Famil |     6 |     8 |       ||    14
         Summon Guardian G |     1 |     5 |       ||     6
  Evoke: Wand              |       |     1 |       ||     1
    Use: Scroll            |     6 |       |       ||     6
   Stab: Sleeping          |     2 |     3 |       ||     5
 Armour: Robe              |    14 |     9 |       ||    23
  Dodge: Dodged            |    26 |    32 |       ||    58
  Block: Other             |     1 |    10 |       ||    11
         Reflection        |       |     1 |       ||     1
